Cogmind - Beta 13 @@@ ROGUE MODE // 2024.04.22 @ 22:17:02 Player: Gabe+Kate4EVR Result: Destroyed by G-47 Trooper with Particle Gun Performance ------------- Evolutions (2) 1000 Regions Visited (3) 600 Robots Destroyed (89) 445 Value Destroyed (1956) 1956 Prototype IDs (7) 140 Alien Tech Used (0) 0 Bonus (93) 93 TOTAL SCORE: 4234 Bonus ------- High Alert Combat Kills 93 Cogmind --------- Core Integrity 0/550 Matter 364/500 Energy 117/280 System Corruption 0% Temperature Danger (438) Movement Core (450) Ox8 Location -8/Materials Parts ------- > --- POWER (1) -------- Heavy Ion Engine > --- PROPULSION (4) --- (None) > --- UTILITY (4) ------ Medium Storage Unit High-capacity Matter Pod > --- WEAPON (2) ------- Advanced Beam Cannon > --- INVENTORY (10) --- Heavy Particle Gun Improved Light Cannon Rocket Launcher Rocket Launcher Improved Datajack Peak State ------------ > --- POWER ------------ Cooled Ion Engine > --- PROPULSION ------- Aluminum Leg Aluminum Leg Aluminum Leg Carbon-fiber Leg > --- UTILITY ---------- Advanced Heat Sink Medium Storage Unit Core Shielding Medium Armor Plating > --- WEAPON ----------- Heavy Particle Gun Improved Light Cannon > --- INVENTORY -------- Heavy Ion Engine High-capacity Matter Pod Heavy Particle Gun Advanced Beam Cannon Advanced Beam Cannon Improved Light Cannon Rocket Launcher Rocket Launcher Improved Datajack [Rating: 26] Favorites ----------- Power Light Ion Engine Engine Light Ion Engine Propulsion Aluminum Leg Leg Aluminum Leg Hover Unit Hover Unit Utility Medium Armor Plating Device Advanced Heat Sink Storage Medium Storage Unit Processor Advanced Targeting Computer Protection Medium Armor Plating Weapon Beam Cannon Energy Gun Improved Medium Laser Energy Cannon Beam Cannon Ballistic Gun Shotgun Ballistic Cannon Light Cannon Build | -11 -10 -9 -8 ------- Run | Yrd Mat Mat Mat Slots Evolved 4 | . . 2 2 Power . | . . . . Propulsion 2 | . . 2 . Utility 2 | . . . 2 Weapon . | . . . . Parts Attached 87 | 6 24 45 12 Power 8 | 1 1 5 1 Engine 8 | 1 1 5 1 Core . | . . . . Reactor . | . . . . Propulsion 31 | 2 9 19 1 Treads . | . . . . Leg 23 | 2 5 15 1 Wheel . | . . . . Hover 8 | . 4 4 . Flight . | . . . . Utility 22 | 1 6 9 6 Device 1 | . . . 1 Storage 8 | 1 2 4 1 Processor 2 | . . . 2 Hackware . | . . . . Protection 11 | . 4 5 2 Artifact . | . . . . Weapon 26 | 2 8 12 4 Energy Gun 11 | 1 2 7 1 Energy Cannon 8 | . 4 2 2 Ballistic Gun 4 | 1 . 3 . Ballistic Cannon 3 | . 2 . 1 Launcher . | . . . . Special Weapon . | . . . . Impact Weapon . | . . . . Slashing Weapon . | . . . . Piercing Weapon . | . . . . Special Melee Weapon . | . . . . Unidentified Prototypes 7 | . . 6 1 Parts Lost 22 | . 5 4 13 Power 1 | . . . 1 Propulsion 11 | . 3 3 5 Utility 6 | . 1 1 4 Weapon 4 | . 1 . 3 Highest Loss Streak 11 | . 3 2 11 To Critical Strikes . | . . . . Average Slot Usage (%) 95 | . 97 95 85 Engine 12 | . 14 11 8 Leg 31 | . 25 39 29 Hover 1 | . 1 1 . Storage 12 | . 14 11 9 Protection 12 | . 13 10 14 Energy Gun 7 | . 3 11 8 Energy Cannon 11 | . 20 2 . Ballistic Gun 4 | . 2 7 5 Naked Turns . | . . . . Heaviest Build 34 | 11 28 31 34 Greatest Support 45 | 20 20 40 45 Greatest Overweight (x) 8 | . 3 4 8 Average Overweight (x) . | . . . . Largest Inventory Capacity 15 | 8 10 15 10 Average Capacity 9 | 7 8 10 10 Most Carried 12 | 6 10 12 10 Average Carried 8 | 2 8 9 9 Final Capacity 10 | 8 10 10 10 Final Carried 10 | 6 10 10 5 Class Distribution -------------------- 57% | Mutant 42% | Scavenger-Mutant Dominant Class ---------------- Mutant | -10/Materials Scavenger-Mutant | -9/Materials Scavenger-Mutant | -8/Materials Resources | -11 -10 -9 -8 ----------- Run | Yrd Mat Mat Mat Matter Collected 1739 | 209 620 726 184 Remotely . | . . . . Salvage Created 3018 | . 971 1510 537 Parts 178 | . 55 96 27 Haulers Intercepted 9 | . 2 6 1 Recyclers Shooed 2 | . 1 1 . Parts Field Recycled . | . . . . Retrieved Matter . | . . . . Parts Self-Destructed . | . . . . Prevented . | . . . . Kills | -11 -10 -9 -8 ------- Run | Yrd Mat Mat Mat Combat Hostiles Destroyed 61 | . 19 29 13 Guns 41 | . 12 19 10 Cannons 20 | . 7 10 3 Classes Destroyed 10 | . 7 3 . Worker 5 | . 1 4 . Builder 1 | . 1 . . Hauler 9 | . 2 6 1 Recycler 6 | . 3 2 1 Operator 1 | . . 1 . Watcher 6 | . 1 5 . Swarmer 23 | . 6 12 5 Grunt 32 | . 13 12 7 Duelist 1 | . . 1 . Sentry 5 | . . 4 1 Best Kill Streak 8 | . 6 8 4 Combat Bots Only 8 | . 6 8 4 Max Kills in Single Turn 3 | . 2 3 1 Gunslinging 1 | . . 1 . Exploded . | . . . . Melee . | . . . . Uniques/NPCs Destroyed . | . . . . Combat | -11 -10 -9 -8 -------- Run | Yrd Mat Mat Mat Hostile Shots Fired 432 | . 91 156 185 Missed 116 | . 27 38 51 Damage Taken 4088 | . 752 1386 1950 Core 874 | . 155 169 550 Absorbed by Shields . | . . . . Redirected to Shielding 51 | . . . 51 Regen/Repaired (Parts) 50 | . 22 28 . Core Remaining (%) 65 | 100 38 57 . Volleys Fired 239 | . 80 114 45 Largest 2 | . 2 2 2 Hottest 136 | . 136 120 136 Shots Fired 445 | . 154 208 83 Gun 318 | . 83 174 61 Cannon 127 | . 71 34 22 Launcher . | . . . . Special . | . . . . Kinetic 162 | . 54 71 37 Thermal 283 | . 100 137 46 Explosive . | . . . . Electromagnetic . | . . . . Robot Hit Streak 26 | . 13 16 26 Robot Miss Streak 5 | . 5 4 3 Penetration Max . | . . . . Secondary Targets 6 | . 2 2 2 Max Gunslinging Chain 1 | . 1 1 1 Shots Hit Robots 286 | . 81 138 67 Core Hits 131 | . 40 66 25 Critical Kills . | . . . . Critical Parts Destroyed . | . . . . Critical Strikes 12 | . 3 7 2 Burn 9 | . 2 6 1 Destroy 1 | . . 1 . Blast 2 | . 1 . 1 Melee Attacks . | . . . . Impact . | . . . . Slashing . | . . . . Piercing . | . . . . Sneak Attacks . | . . . . Combat Hostiles . | . . . . Follow-up Attacks . | . . . . Damage Inflicted 4848 | . 1192 2459 1197 Guns 3378 | . 535 2076 767 Cannons 1470 | . 657 383 430 Explosions . | . . . . Melee . | . . . . Ramming . | . . . . Kinetic 1951 | . 343 1043 565 Thermal 2897 | . 849 1416 632 Explosive . | . . . . Electromagnetic . | . . . . Impact . | . . . . Slashing . | . . . . Piercing . | . . . . Highest Corruption 2 | . 2 . . Average Corruption 2 | . 2 . . Corruption Purged . | . . . . Corruption Blocked . | . . . . Effects 20 | . 20 . . Message Errors 9 | . 9 . . Matter Fused 1 | . 1 . . Heat Flow Errors 2 | . 2 . . Energy Discharges 3 | . 3 . . Data Loss (minor) 1 | . 1 . . Data Loss (major) 2 | . 2 . . Misfires 2 | . 2 . . Overload Shots . | . . . . Overflow Damage . | . . . . Projectiles . | . . . . Explosions . | . . . . Melee . | . . . . Knockbacks 1 | . . . 1 Impact . | . . . . Kinetic 1 | . . . 1 Secondary . | . . . . Self-Inflicted Damage 72 | . 72 . . Shots 1 | . 1 . . Rammed . | . . . . Targets Rammed . | . . . . Kicked . | . . . . Crushed . | . . . . Highest Temperature 447 | . 447 444 420 Average Temperature 110 | . 123 110 63 Received Heat Transfer 1647 | . 312 390 945 Effects 11 | . 5 5 1 Shutdowns 2 | . 1 1 . Energy Bleed 2 | . 1 1 . Interference 4 | . 2 2 . Matter Decay 2 | . 1 . 1 Damage (minor) 1 | . . 1 . Siege Activations . | . . . . Robots Corrupted . | . . . . Combat Hostiles . | . . . . Parts Fried . | . . . . Impact Corruptions . | . . . . Robots Melted . | . . . . Combat Hostiles . | . . . . Parts Melted 11 | . 4 5 2 Heat Transferred 7067 | . 2183 3515 1369 Parts Sabotaged . | . . . . Parts Stolen . | . . . . Parts Stripped . | . . . . Power Chain Reactions . | . . . . Alert | -11 -10 -9 -8 ------- Run | Yrd Mat Mat Mat Peak Influence 610 | . 360 529 610 Initial 222 | . . 31 222 Average 220 | . 126 305 388 Maximum Alert Level 2 | . 1 2 2 Low Security (%) 41 | 100 70 13 . Level 1 46 | . 29 66 62 Level 2 11 | . . 19 37 Level 3 . | . . . . Level 4 . | . . . . Level 5 . | . . . . High Security . | . . . . Max Security . | . . . . Squads Dispatched 12 | . 4 4 4 Investigation 3 | . 2 1 . Extermination . | . . . . Reinforcement 7 | . 2 3 2 Assault . | . . . . Garrison 2 | . . . 2 Intercept . | . . . . Searches Triggered . | . . . . Construction Impeded . | . . . . Haulers Reinforced . | . . . . Active Scanning Responses . | . . . . Cargo Convoy Interrupts . | . . . . Stealth | -11 -10 -9 -8 --------- Run | Yrd Mat Mat Mat Distress Signals 7 | . 2 2 3 Communications Jammed . | . . . . Distress Signals . | . . . . Times Spotted 100 | . 36 38 26 Peak Tracking Total 8 | . 7 4 8 Tactical Retreats 5 | . 1 1 3 Traps | -11 -10 -9 -8 ------- Run | Yrd Mat Mat Mat Traps Triggered 5 | . 4 1 . Indirectly . | . . . . Trap Hack Attempts . | . . . . Triggered . | . . . . Disarmed . | . . . . Reprogrammed . | . . . . Reused . | . . . . Traps Extracted . | . . . . Installed . | . . . . Triggered . | . . . . Machines | -11 -10 -9 -8 ---------- Run | Yrd Mat Mat Mat Machines Disabled 8 | . 3 3 2 Max in Single Turn 2 | . 2 1 1 Machines Repaired . | . . . . Machines Dismantled . | . . . . Machines Sabotaged . | . . . . Overloaded Fab Kills . | . . . . Hacking | -11 -10 -9 -8 --------- Run | Yrd Mat Mat Mat Machines Accessed 3 | . 1 2 . Terminals 1 | . . 1 . Fabricators . | . . . . Repair Stations 2 | . 1 1 . Recycling Units . | . . . . Scanalyzers . | . . . . Garrison Access . | . . . . Total Hacks 6 | . 2 4 . Successful 5 | . 2 3 . Failed 1 | . . 1 . Catastrophic . | . . . . Database Lockouts . | . . . . Manual 1 | . . 1 . Terminals 1 | . . 1 . Fabricators . | . . . . Repair Stations 5 | . 2 3 . Recycling Units . | . . . . Scanalyzers . | . . . . Garrison Access . | . . . . Terminal Hacks . | . . . . Fabricator Hacks . | . . . . Repair Station Hacks 4 | . 2 2 . Scan Component 2 | . 1 1 . Repair 2 | . 1 1 . Recycling Unit Hacks . | . . . . Scanalyzer . | . . . . Garrison Access Hacks . | . . . . Unauthorized Hacks 1 | . . 1 . Terminals 1 | . . 1 . Assimilate 1 | . . 1 . Fabricators . | . . . . Repair Stations . | . . . . Recycling Units . | . . . . Scanalyzers . | . . . . Garrison Access . | . . . . Data Cores Recovered . | . . . . Used . | . . . . Hacking Detections 2 | . 1 1 . Full Trace Events . | . . . . Feedback Events . | . . . . Feedback Blocked . | . . . . Robot Schematics Acquired . | . . . . Robots Built . | . . . . Authchips . | . . . . Time . | . . . . Total Robot Build Rating . | . . . . Part Schematics Acquired . | . . . . Parts Built . | . . . . Authchips . | . . . . Time . | . . . . Total Part Build Rating . | . . . . Parts Repaired 2 | . 1 1 . Time 77 | . 26 51 . Parts Recycled . | . . . . Recycled Matter . | . . . . Retrieved Matter . | . . . . Retrieved Components . | . . . . Parts Scanalyzed . | . . . . Part Schematics Acquired . | . . . . Parts Damaged . | . . . . Bothacking | -11 -10 -9 -8 ------------ Run | Yrd Mat Mat Mat Used RIF Installer . | . . . . Robots Hacked . | . . . . Non-combat . | . . . . Combat . | . . . . Robot Hacks Applied . | . . . . Relay Couplers Released . | . . . . Fabnet Peak Effective % . | . . . . Robots Rewired . | . . . . Allies Hacked . | . . . . Hacks Repelled . | . . . . Allies | -11 -10 -9 -8 -------- Run | Yrd Mat Mat Mat Total Allies . | . . . . Largest Group . | . . . . Highest-Rated Group . | . . . . Highest-Rated Ally . | . . . . Total Orders . | . . . . Ally Attacks . | . . . . Total Damage . | . . . . Kills . | . . . . Allies Corrupted . | . . . . Allies Melted . | . . . . Intel | -11 -10 -9 -8 ------- Run | Yrd Mat Mat Mat Robot Analysis Total . | . . . . Derelict Logs Recovered . | . . . . Drone Launches . | . . . . Drone Recoveries . | . . . . Exploration | -11 -10 -9 -8 ------------- Run | Yrd Mat Mat Mat Turns Passed 3699 | 77 1789 1464 369 Spaces Moved 1794 | 56 849 723 166 Core 21 | 6 13 . 2 Treads . | . . . . Legs 1698 | 50 799 685 164 Wheels . | . . . . Hover 75 | . 37 38 . Flight . | . . . . Fastest Speed 50 | 50 56 108 120 Average Speed 148 | 112 172 127 132 Slowest Speed 450 | 120 200 300 450 Overloaded Moves . | . . . . Propulsion Burnouts . | . . . . Robots Hopped . | . . . . Cave-ins Triggered . | . . . . Exploration Rate (%) 42 | 5 88 58 18 Regions Visited 3 Branch Regions . Pre-discovered Areas . | . . . . Known Exits Taken . | . . . . Unknown Exits Taken 3 | 1 1 1 . Scrap Searched . | . . . . Spaces Dug . | . . . . Terrain Destroyed 14 | . 14 . . Melee . | . . . . Projectile . | . . . . AOE 14 | . 14 . . Terrain Rammed . | . . . . Walls Destroyed . | . . . . Machines Disabled . | . . . . Actions | -11 -10 -9 -8 --------- Run | Yrd Mat Mat Mat Total 2412 | 67 1039 1074 232 Wait 177 | . 44 130 3 Move 1791 | 55 848 722 166 Hop . | . . . . Pick Up 41 | 6 16 16 3 Fast Attach 51 | 6 15 26 4 Attach 13 | . 2 5 6 Detach 7 | . 2 4 1 Swap 23 | . 7 14 2 Drop 70 | . 25 43 2 Fire 239 | . 80 114 45 Melee . | . . . . Ram . | . . . . Kick . | . . . . Crush . | . . . . Escape Stasis . | . . . . Rewire . | . . . . Trap . | . . . . Miscellaneous . | . . . . Route ------- -11/Scrapyard -10/Materials (discovered 4 exits: *Mat x3 / [*Min]) -9/Materials (discovered 2 exits: [*Mat] / [*Min]) -8/Materials History --------- Turn | Location | Event 26 | -11/Scrapyard | Discovered new exit (range 15) 78 | -11/Scrapyard | Entered Materials 193 | -10/Materials | Discovered new exit (range 14) 348 | -10/Materials | Build established: Mutant 394 | -10/Materials | Lost 3 parts (2n1u) 453 | -10/Materials | Core integrity fell below 50% 528 | -10/Materials | Repaired Hover Unit 594 | -10/Materials | Discovered new exit (range 15) 787 | -10/Materials | Discovered new exit (range 9) 1412 | -10/Materials | Discovered new exit (range 15) 1867 | -10/Materials | Entered another Materials area 1867 | -9/Materials | Evolved 2 slots: Propulsion x2 1998 | -9/Materials | Destroyed 8 combat bots 2268 | -9/Materials | Build established: Scavenger-Mutant 2373 | -9/Materials | Discovered new exit (range 12) 2624 | -9/Materials | Repaired Imp. Medium Laser 3306 | -9/Materials | Discovered new exit (range 10) 3331 | -9/Materials | Entered another Materials area 3331 | -8/Materials | Evolved 2 slots: Utility x2 3515 | -8/Materials | Garrison activated, responded to threat 3682 | -8/Materials | Core integrity fell below 50% 3688 | -8/Materials | Core integrity fell below 20% 3700 | -8/Materials | Destroyed by G-47 Trooper with Particle Gun Last Messages --------------- 03681_ Core Shielding destroyed. 03683_ Critical hit (Burn: +37). 03684_ U-05 Engineer builds a Door. 03684_ Hvy. Particle Gun destroyed. 03686_ K-01 Serf collects debris. 03688_ R-06 Scavenger collects Imp. Heat Sink. 03689_ Critical hit (Burn: +37). 03690_ K-01 Serf collects debris. 03693_ G-47 Trooper heat spikes uncontrollably. 03693_ K-01 Serf collects debris. 03693_ Critical hit (Burn: +37). 03693_ G-47 Trooper overheating. 03695_ Overheating: Matter decay (-106). 03695_ Adv. Beam Cannon destroyed. 03695_ Critical hit (Burn: +37). 03695_ G-47 Trooper overheating. 03695_ Imp. Heat Sink melted. 03695_ Lgt. Nuclear Core melted. 03695_ G-47 Trooper destroyed. 03696_ K-01 Serf collects debris. Map ----- +----------------------------------------------------+ | ??????????????????????????????????????????? | | ??????????????????????????????????????????? | | ??????????????????????????????????????????? | | ??????????????????????????????????????????? | | ??????????????????????????????????????????? | | ??????????????????????????##+?????????????? | | ?????????????????????????? ????????????? | | ??????????????????????????! ????????????? | | ?????????????????????????? " ??????????? | | ?????????????????????????? "G???????????? | | ?????????????????????????? " ???????????? | | ?????????????????????????? ???????????? | | ?????????????????????????# ????????????? | | ?????????????????????????# ????????????? | | ?????????????????????????# #????????????? | | ?????????????????????????# #????????????? | | ?????????????????????????# #????????????? | | #####????????????????????# #????????????? | | #????????????????????# #????????????? | | "" #????????????????????# #????????????? | | "" ######################Y #????????!???? | | "" # [%% #????? ??? | | + % =Y=%g #?? *** ""???? | | # % u = " # ** ""???? | | #[= ########### =gY + ** ?????? | | #[ =# #??# k*@ # ??????? | | #%=%#[ T #??# % % #?? ??????? | | #####[ %+% #??# #????????????? | | ###?#[!*#= #?#Tr ??????????? | | #?# !#% #?## o ????????? | | #?# # #?#" """ ???????? | | #?# ########?# """ ?????? | | #?# #????????#" """ ###+####????? | | #?# #????????## ###???????????? | | #?# #?????????# #?????????????? | | #?# #?????????# """ #?????????????? | | #?# #?????????" "?" #?????????????? | | ### ##????????Y "?" #?????????????? | | +###= #????????" ??? #?????????????? | | ==%[= #????????? ??? #?????????????? | | [*% #??????????????? ??????????????? | | [ = #????????????????????????????????? | | #### #????????????????????????????????? | | ???#######????????????????????????????????? | | ??????????????????????????????????????????? | | ??????????????????????????????????????????? | | ??????????????????????????????????????????? | | ??????????????????????????????????????????? | | ??????????????????????????????????????????? | | ??????????????????????????????????????????? | +----------------------------------------------------+ Best States ------------- Heat Dissipation 50 Energy Generation 14 Energy Capacity 280 Matter Stores 480 Matter Capacity 500 Sight Range 18 Terrain Scan Density 10 Armor Coverage 225 Core Shielding 20 Evasion (%) 55 Targeting Accuracy 8 Item Schematics ----------------- None Robot Schematics ------------------ None Fabricated ------------ Nothing Alien Tech Used ----------------- None Achievements -------------- None Challenges ------------ None Game ------ Seed InsulatedProtonDeconstructor Manual? 0 Play Time 00:28:41 Cumulative 114.3 hours Start 2024.04.22 @ 19:06:40 End 2024.04.22 @ 22:17:02 Sessions 1 Manual Loads 0 Difficulty Rogue Special Mode None Game No. 235 Rogue 235 Adventurer 0 Explorer 0 Win Type - Total 0 Types 0/0/0/0/0/0/0/0/0 Lore% 33 Gallery% 52 Achievement% 36 Wizard Run 0 Options --------- Layout 0 ASCII 0 Keyboard 1 Movement Numpad Keybinds 0 Fullscreen 2 Font 18/X11 Map View 76x50 Zoom Use 0% Tactical HUD 1 Map Filters NONE Filters NONE Steam 1 RUN: 02cae3d5-caa2-43f1-9cf0-2adea792687b